 Dungeon Crawl Stone Soup version 0.29.0-4-gdea44cf6ec (webtiles) character file.

Game seed: 900706205672994205

19 qw the Chopper (level 2, -1/17 HPs)
             Began as a Tengu Warper on Aug 28, 2022.
             Slain by an adder (2 damage)
             ... on level 2 of the Dungeon.
             The game lasted 00:00:04 (1021 turns).

qw the Chopper (Tengu Warper)                       Turns: 1021, Time: 00:00:05

Health: -1/17      AC:  3    Str: 10 (11) XL:     2   Next: 75%
Magic:  6/6        EV: 11    Int: 12 (13) God:
Gold:   51         SH:  0    Dex: 10 (13) Spells: 5/5 levels left

rFire   . . .      SeeInvis .   Y - +0 hand axe
rCold   . . .      Faith    .   (no shield)
rNeg    . . .      Spirit   .   b - +0 leather armour
rPois   .          Reflect  .   (helmet restricted)
rElec   .          Harm     .   (no cloak)
rCorr   .          Rampage  .   (no gloves)
Will    .....                   (boots unavailable)
Stlth   +.........              (no amulet)
HPRegen 0.05/turn               (no ring)
MPRegen 0.10/turn               (no ring)

@: lethally poisoned (-1 -> -7)
A: beak, talons 3
a: no special abilities


You were on level 2 of the Dungeon.
You visited 1 branch of the dungeon, and saw 2 of its levels.

You collected 51 gold pieces.


Innate Abilities, Weirdness & Mutations

You have a beak for a mouth.
You have claws for feet.


   Skills:
 - Level 2.0 Fighting
 + Level 3.5 Axes
 - Level 1.0 Throwing
 - Level 1.1 Armour
 - Level 2.1 Dodging
 - Level 2.0 Spellcasting
 - Level 2.4 Translocations


You had 5 spell levels left.
You didn't know any spells.
Your spell library contained the following spells:

 Spells                   Type           Power      Damage    Failure   Level
 Blink                    Tloc           12%        N/A       22%         2
 Gell's Gravitas          Tloc           6%         N/A       38%         3
 Lesser Beckoning         Tloc           6%         N/A       38%         3
 Teleport Other           Tloc           6%         N/A       38%         3
 Manifold Assault         Tloc           6%         N/A       98%         5

Inventory:

Hand Weapons
 f - a +0 whip
 Y - a +0 hand axe (weapon)
Armour
 b - a +0 leather armour (worn)
Scrolls
 a - a scroll of amnesia {unknown}
Potions
 h - a potion of might {unknown}
 i - a potion of invisibility {unknown}

Dungeon Overview and Level Annotations

Branches:
Dungeon (2/15)

Altars:


Message History

The worm closely misses you.
You hit the worm. You peck the worm.
The worm is almost dead.
The worm barely misses you.
You barely miss the worm.
The worm is almost dead.
You completely miss the worm. You claw the worm.
You kill the worm!
An adder comes into view.
You hit the adder but do no damage. Your kick misses the adder.
The adder bites you. The adder closely misses you.
You closely miss the adder. The adder barely misses you.
You miss the adder. Your kick misses the adder. The adder barely misses you.
The adder bites you.
You hit the adder. Your peck misses the adder.
The adder is lightly wounded.
The adder closely misses you.
You barely miss the adder. Your peck misses the adder.
The adder is lightly wounded.
The adder completely misses you. The adder barely misses you.
You hit the adder.
The adder is moderately wounded.
The adder bites you.
You are poisoned.
The adder poisons you!
You closely miss the adder. Your peck misses the adder.
The adder is moderately wounded.
You feel sick. The adder bites you.
You are lethally poisoned!
The adder poisons you! The adder barely misses you.
You barely miss the adder. Your kick misses the adder.
Your peck misses the adder.
The adder is moderately wounded.
You feel very sick. The adder bites you.
You hit the adder. Your kick misses the adder.
The adder is severely wounded.
You feel sick. The adder barely misses you. The adder bites you.
You die...

#. #<.#.# ... #
#..#.#####
....#.#.........
......##.##.###.
......%>....#
....###.###### .
#..........
##..####### #@.#
#..S[.# #####.#
#.# #.# .# .# .#


You could see an adder.

Vanquished Creatures
  A worm (D:2)
  An endoplasm (D:1)
  A giant cockroach (D:1)
  2 goblins (D:1)
  A hobgoblin (D:1)
  3 ball pythons (D:1)
  3 bats (D:1)
  2 kobolds
  2 rats (D:1)
16 creatures vanquished.

Notes
Turn   | Place    | Note
-------+----------+-------------------------------------------
     0 | D:1      | qw the Tengu Warper began the quest for the Orb.
     0 | D:1      | Reached XP level 1. HP: 12/12 MP: 4/4
     0 | D:1      | 0 ||| qw: Version: 0.1-a-89-g26bdef1
     0 | D:1      | 0 ||| qw: Game counter: 2662
     0 | D:1      | 0 ||| qw: Always use a shield: true
     0 | D:1      | 0 ||| qw: God list: Okawaru
     0 | D:1      | 0 ||| qw: Allow faded altars: false
     0 | D:1      | 0 ||| qw: Do Orc after D:15 true
     0 | D:1      | 0 ||| qw: Do second Lair branch before Depths: true
     0 | D:1      | 0 ||| qw: Lair rune preference: random
     0 | D:1      | 0 ||| qw: Plans: Normal
     0 | D:1      | 0 ||| PLANNING D:1-11
   216 | D:1      | Found a faded altar of an unknown god.
   282 | D:1      | Reached XP level 2. HP: 17/17 MP: 6/6
   311 | D:1      | Reached skill level 3 in Axes
   901 | D:1      | 901 ||| READING scroll labelled UGHULE PUBLE.
   902 | D:1      | 902 ||| READING scroll labelled FOGIOVO GEYSEW.
   903 | D:1      | 903 ||| DRINKING 2 clear potions.
   904 | D:1      | 904 ||| DROPPING scroll of blinking.
   905 | D:1      | 905 ||| DROPPING potion of degeneration.
   933 | D:2      | 933 ||| STAIRDANCE
  1020 | D:2      | HP: 3/17 [adder (2)]
  1021 | D:2      | HP: 1/17 [poisoned by an adder]
  1021 | D:2      | Slain by an adder

Levels and vault maps discovered:
D:1:      spicycebolla_green_bress_n_ham, layout_basic,
          shapermc_ecumenical_altar_rom_forum
D:2:      layout_basic

Skill      XL: |  1  2 |
---------------+-------+-----
Axes           | 3 |  3.5
Fighting       | |  2.0
Throwing       | |  1.0
Armour         | |  1.1
Dodging        | |  2.1
Spellcasting   | |  2.0
Translocations | |  2.4

Action                   || total
-------------------------++-------
Melee: Hand axe          ||    40
       Peck              ||     4
       Kick              ||     7
Throw: Boomerang         ||     7
  Use: Scroll            ||     2
       Potion            ||     1
Armor: Leather armour    ||     8
Dodge: Dodged            ||    30

Table legend:
 A = Non-vault XP
 B = Vault XP
 C = Vault XP percentage of total XP
 D = Non-vault monster count
 E = Vault monster count
 F = Vault count percentage of total count
                 A         B        C        D         E       F
            +---------+---------+-------+---------+---------+-------
      Total |      28 |       0 |   0.0 |      16 |       0 |   0.0
            +---------+---------+-------+---------+---------+-------
        D:1 |      21 |       0 |   0.0 |      14 |       0 |   0.0
        D:2 |       7 |       0 |   0.0 |       2 |       0 |   0.0
            +---------+---------+-------+---------+---------+-------
